 Dungeon Crawl Stone Soup version 0.28-a0-863-g8cecda6153 (webtiles) character file.

Game seed: 13486778057362610199

105 kae the Insei (level 4, -2/29 HPs)
             Began as a Tengu Monk on Nov 16, 2021.
             Slain by an orc (4 damage)
             ... on level 3 of the Dungeon.
             The game lasted 00:01:28 (3321 turns).

kae the Insei (Tengu Monk)                          Turns: 3321, Time: 00:01:29

Health: -2/29      AC:  3    Str: 12    XL:     4   Next: 81%
Magic:  5/5        EV: 13    Int: 11    God:
Gold:   68         SH:  0    Dex: 16    Spells: 3/3 levels left

rFire   . . .      SeeInvis .     - Unarmed
rCold   . . .      Faith    .   (no shield)
rNeg    . . .      Spirit   .   a - +1 robe
rPois   .          Reflect  .   (helmet restricted)
rElec   .          Harm     .   (no cloak)
rCorr   .          Rampage  .   (no gloves)
Will    .....                   (boots unavailable)
Stlth   ++........              (no amulet)
HPRegen 0.09/turn               (no ring)
MPRegen 0.09/turn               (no ring)

@: no status effects
A: beak, talons 3
a: no special abilities


You were on level 3 of the Dungeon.
You visited 1 branch of the dungeon, and saw 3 of its levels.

You collected 68 gold pieces.

Inventory:

Armour
 a - a +1 robe (worn)
Jewellery
 c - a ring of resist corrosion
 g - an amulet of the acrobat
 i - a ring of see invisible
Wands
 k - a wand of paralysis (8)
Scrolls
 e - a scroll of teleportation
 j - a scroll of noise {unknown}
Potions
 b - 2 potions of brilliance
 d - a potion of heal wounds
 f - a potion of ambrosia {unknown}
 h - 2 potions of lignification {unknown}


   Skills:
 + Level 3.7 Fighting
 + Level 4.0 Dodging
 - Level 2.0 Stealth
 * Level 4.8 Unarmed Combat


You had 3 spell levels left.
You didn't know any spells.
Your spell library contained the following spells:

 Spells                   Type           Power      Damage    Failure   Level
 Apportation              Tloc           0%         N/A       34%         1
 Beastly Appendage        Tmut           0%         N/A       34%         1
 Corpse Rot               Necr/Air       0%         N/A       47%         2
 Poisonous Vapours        Pois/Air       0%         N/A       47%         2
 Wereblood                Tmut           0%         N/A       47%         2
 Spider Form              Tmut/Pois      0%         N/A       71%         3
 Alistair's Intoxication  Tmut/Pois      0%         N/A       100%        5


Dungeon Overview and Level Annotations

Branches:
Dungeon (3/15)

Altars:

Shops:
D:2 =


Innate Abilities, Weirdness & Mutations

You have a beak for a mouth.
You have claws for feet.


Message History

The orc hits you with a +0 hand axe.
Items here: )) [ †.
You hit the orc but do no damage. You peck the orc, but do no damage.
The orc hits you but does no damage.
You hit the orc. You claw the orc. You peck the orc, but do no damage.
The orc is almost dead.
The orc completely misses you.
You hit the orc.
You kill the orc!
You barely miss the orc. You punch the orc, but do no damage.
The orc hits you with a +0 hand axe.
* * * LOW HITPOINT WARNING * * *
You hit the orc. Your kick misses the orc.
The orc is lightly wounded.
The orc hits you with a +0 hand axe.
* * * LOW HITPOINT WARNING * * *
You hit the orc but do no damage. You claw the orc. Your peck misses the orc.
The orc is moderately wounded.
The orc misses you.
You barely miss the orc.
The orc is moderately wounded.
The orc barely misses you.
You barely miss the orc. You claw the orc, but do no damage. You peck the orc.
The orc is heavily wounded.
The orc misses you.
You hit the orc. Your kick misses the orc.
The orc is heavily wounded.
The orc closely misses you.
You hit the orc but do no damage. You peck the orc, but do no damage.
The orc is heavily wounded.
The orc closely misses you.
You barely miss the orc. You claw the orc, but do no damage.
Your peck misses the orc.
The orc is heavily wounded.
The orc hits you with a +0 hand axe.
* * * LOW HITPOINT WARNING * * *
You hit the orc but do no damage. You claw the orc, but do no damage.
The orc is heavily wounded.
The orc hits you with a +0 hand axe.
You die...

#...# #....#...# #.#
#...####....##### #..
#...........# ###
####........#
#...........#
#...........##
#.....#...###
#.....#...############
#.....+......@o).?...#
..#....#....########.(.
#.#....#..... #..
#.....# #.....#
.......# ........#
.........


You could see an orc.

Vanquished Creatures
  An orc wizard (D:3)
  An adder (D:2)
  2 worms
  3 dart slugs
  4 orcs (D:3)
  4 endoplasms
  A giant cockroach (D:1)
  8 goblins
  5 hobgoblins
  2 quokkas
  7 ball pythons
  3 bats
  2 frilled lizards (D:1)
  7 kobolds
  5 rats
55 creatures vanquished.

Notes
Turn   | Place    | Note
-------+----------+-------------------------------------------
     0 | D:1      | kae the Tengu Monk began the quest for the Orb.
     0 | D:1      | Reached XP level 1. HP: 14/14 MP: 2/2
   470 | D:1      | Reached XP level 2. HP: 13/19 MP: 3/3
  1052 | D:1      | Reached XP level 3. HP: 14/23 MP: 4/4
  1682 | D:2      | Found Yvuptied's Jewellery Shop.
  2179 | D:2      | Found a faded altar of an unknown god.
  2488 | D:2      | Reached XP level 4. HP: 28/28 MP: 5/5
  3321 | D:3      | Slain by an orc

Illustrated notes

Levels and vault maps discovered:
D:1:      minmay_arrival_loop, layout_loops_corners
D:2:      minmay_inner_zag, layout_loops_corners, serial_shops,
          nicolae_diamond_shop, chequers_ecumenical_altar_simple
D:3:      layout_basic, mainiacjoe_overflow_24_doors

Skill      XL: |  1  2  3  4 |
---------------+-------------+-----
Unarmed Combat | 4 |  4.8
Dodging        | 4 |  4.0
Fighting       | |  3.7
Stealth        | |  2.0

Action                   |  1- 3 |  4- 6 || total
-------------------------+-------+-------++-------
Melee: Unarmed           |    93 |    50 ||   143
       Kick              |    22 |    17 ||    39
       Peck              |    16 |    12 ||    28
       Punch             |     1 |     2 ||     3
  Use: Scroll            |     2 |     1 ||     3
       Potion            |     1 |       ||     1
 Stab: Sleeping          |     9 |     1 ||    10
Armor: Robe              |    14 |     5 ||    19
Dodge: Dodged            |    44 |    21 ||    65

Table legend: (Time is in decaauts)
 A = Elapsed time spent in this place.
 B = Non-inter-level travel time spent in this place.
 C = Inter-level travel time spent in this place.
 D = Time resting spent in this place.
 E = Time spent auto-exploring this place.
 F = Levels seen in this place.
 G = Mean time per level.
                   A        B        C        D        E       F      G
               +--------+--------+--------+--------+--------+-----+--------+
         Total |   3310 |   3233 |     77 |      0 |   2863 |   3 | 1103.3 |
       Dungeon |   3310 |   3233 |     77 |      0 |   2863 |   3 | 1103.3 |
               +--------+--------+--------+--------+--------+-----+--------+

Top non-repeatable levels by time:
     D:1: 1620 daAuts
     D:2: 1287 daAuts
     D:3: 401 daAuts
